 Dungeon Crawl Stone Soup version 0.26-a0-1147-g3780a7a11b (webtiles) character file.

Game seed: 15786852776986549639

37 Aviak the Grasshopper (level 3, 0/32 HPs)
             Began as a Palentonga Warper on Dec 22, 2020.
             Succumbed to an adder's poison
             ... on level 2 of the Dungeon.
             The game lasted 00:01:51 (1436 turns).

Aviak the Grasshopper (Palentonga Warper)           Turns: 1436, Time: 00:01:51

Health: 0/32       AC:  4    Str: 14    XL:     3   Next: 21%
Magic:  6/6        EV:  6    Int: 14    God:
Gold:   82         SH:  6    Dex:  9    Spells: 6/6 levels left

rFire    . . .     SeeInvis +   h - -3 mace (curse)
rCold    . . .     Faith    .   k - +0 kite shield (curse)
rNeg     . . .     Spirit   .   b - +0 leather armour
rPois    .         Reflect  .   (no helmet)
rElec    .         Harm     .   (no cloak)
rCorr    .         Rampage  .   (no gloves)
Will     .....                  (no barding)
Stlth    +.........             (no amulet)
HPRegen  0.10/turn              (no ring)
MPRegen  0.10/turn              (no ring)

@: lethally poisoned (0 -> -5), attractive
A: large, rugged brown scales 3, see invisible, deformed body, roll 1, armoured
tail
a: Rolling Charge


You were on level 2 of the Dungeon.
You visited 1 branch of the dungeon, and saw 2 of its levels.

You collected 82 gold pieces.

Inventory:

Hand Weapons
 a - a +0 mace
 h - a cursed -3 mace (weapon)
Missiles
 e - 5 boomerangs of dispersal (quivered)
Armour
 b - a +0 leather armour (worn)
 k - a cursed +0 kite shield (worn)
Scrolls
 f - a scroll of fog
 i - a scroll of identify
 j - a scroll of fear
 l - a scroll of enchant armour {unknown}
 t - a scroll of teleportation
 x - a scroll of blinking
Potions
 c - a potion of attraction
 d - a potion of berserk rage {unknown}
 g - a potion of curing {unknown}


   Skills:
 + Level 2.3 Fighting
 + Level 2.1 Maces & Flails
 + Level 1.0 Throwing
 + Level 1.2 Armour
 + Level 1.8 Dodging
 + Level 2.2 Spellcasting
 + Level 3.1 Translocations


You had 6 spell levels left.
You didn't know any spells.
Your spell library contained the following spells:

 Spells                   Type           Power        Failure   Level
 Blink                    Tloc           N/A          63%         2
 Gell's Gravitas          Tloc           5%           86%         3
 Lesser Beckoning         Tloc           5%           86%         3
 Teleport Other           Tloc           10%          86%         3
 Passage of Golubria      Tloc           N/A          99%         4


Dungeon Overview and Level Annotations

Branches:
Dungeon (2/15)

Altars:


Innate Abilities, Weirdness & Mutations

You are completely covered in rugged brown scales. (AC +3, +7% HP)
You have supernaturally acute eyesight. (SInv)
Armour fits poorly on your strangely shaped body.
You can roll at nearby foes to attack.
You have a long armoured tail.


Message History

You sock the adder!
You kill the adder!
* * * LOW HITPOINT WARNING * * *
You feel sick.
You have reached level 3!
Your experience leads to an increase in your attributes!
Increase (S)trength, (I)ntelligence, or (D)exterity?
You feel clever.
You are lethally poisoned (4 -> -4).
You attract monsters toward you.
Your movement speed is average.
Your attack speed is quite slow (and is slowed by your insufficient shield skill).
* * * LOW HITPOINT WARNING * * *
You feel sick.
* * * LOW HITPOINT WARNING * * *
You feel sick.
Unknown command.
* * * LOW HITPOINT WARNING * * *
You feel sick.
Unknown command.
You die...

. #.#.....#
.######.#.....#
.............# ..
...#.<...## #.
##.#.#....... .. #.
#..).....(...
....##.###..#.#.#.####
##......#.##.#.#.#
.........@....#.# #
.....#.###.##.#.# ###.
#. #.##.#.# # #$
####.# #. .# .. #.


There were no monsters in sight!

Vanquished Creatures
  An adder (D:2)
  A dart slug (D:1)
  2 giant cockroaches (D:1)
  5 goblins (D:1)
  A hobgoblin (D:1)
  4 jackals (D:1)
  4 bats (D:1)
  3 kobolds (D:1)
  3 rats (D:1)
24 creatures vanquished.

Vanquished Creatures (others)
  3 plants (D:1)
3 creatures vanquished.

Grand Total: 27 creatures vanquished

Notes
Turn   | Place    | Note
-------+----------+-------------------------------------------
     0 | D:1      | Aviak the Palentonga Warper began the quest for the Orb.
     0 | D:1      | Reached XP level 1. HP: 18/18 MP: 3/3
   469 | D:1      | Reached skill level 1 in Armour
   469 | D:1      | Reached XP level 2. HP: 22/25 MP: 5/5
   709 | D:1      | Reached skill level 1 in Throwing
  1431 | D:2      | Reached XP level 3. HP: 4/32 MP: 6/6
  1434 | D:2      | HP: 1/32 [poisoned by an adder]
  1436 | D:2      | Succumbed to an adder's poison

Illustrated notes

Levels and vault maps discovered:
D:1:      elethiomel_arrival_maze, layout_rooms, serial_forest,
          infiniplex_forest_end_3, infiniplex_forest_lined_ring,
          infiniplex_forest_end_3, infiniplex_forest_end_2,
          infiniplex_forest_clump_double, infiniplex_forest_clump_large,
          infiniplex_forest_lined_3, infiniplex_forest_lined_2,
          infiniplex_forest_end_2
D:2:      layout_basic, grunt_dithmenos_smoke_and_mirrors, xom_redecorated

Skill      XL: |  1  2 |
---------------+-------+-----
Armour         | 1 |  1.2
Throwing       | 1 |  1.0
Fighting       | |  2.3
Maces & Flails | |  2.1
Dodging        | |  1.8
Spellcasting   | |  2.2
Translocations | |  3.1

Action                   || total
-------------------------++-------
Melee: Mace              ||   128
       Tailslap          ||     7
 Abil: Rolling Charge    ||     1
  Use: Scroll            ||     3
       Potion            ||     1
Armor: Leather armour    ||    78
Dodge: Dodged            ||    83
Block: Kite shield       ||    20

Table legend: (Time is in decaauts)
 A = Elapsed time spent in this place.
 B = Non-inter-level travel time spent in this place.
 C = Inter-level travel time spent in this place.
 D = Time resting spent in this place.
 E = Time spent auto-exploring this place.
 F = Levels seen in this place.
 G = Mean time per level.
                   A        B        C        D        E       F      G
               +--------+--------+--------+--------+--------+-----+--------+
         Total |   1477 |   1406 |     71 |    131 |    999 |   2 |  738.5 |
       Dungeon |   1477 |   1406 |     71 |    131 |    999 |   2 |  738.5 |
               +--------+--------+--------+--------+--------+-----+--------+

Top non-repeatable levels by time:
     D:1: 1442 daAuts
     D:2: 34 daAuts
